 Dungeon Crawl Stone Soup version 0.30-a0-459-g9104f0fc43 (webtiles) character file.

Game seed: 16478911470885861795

6245 bande the Cleaver (level 10, -1/61 HPs)
             Began as a Gargoyle Fighter on Dec 15, 2022.
             Was a High Priest of Okawaru.
             Slain by a yak (13 damage)
             ... on level 10 of the Dungeon.
             The game lasted 00:12:43 (7948 turns).

bande the Cleaver (Gargoyle Fighter)                Turns: 7948, Time: 00:12:44

Health: -1/61      AC: 20    Str: 23    XL:     10   Next: 93%
Magic:  14/14      EV:  6    Int:  8    God:    Okawaru [*****.]
Gold:   492        SH:  9    Dex: 11    Spells: 9/9 levels left

rFire   + . .      SeeInvis +    a - +1 war axe (venom)
rCold   + . .      Faith    +    C - +0 kite shield
rNeg    + . .      Spirit   .    o - +0 chain mail
rPois   ∞          Reflect  .    (no helmet)
rElec   +          Harm     .    (no cloak)
rCorr   .          Rampage  .    d - +1 pair of gloves of Tocon {rC+ Str+2 Dex-2}
Will    .....                    (no boots)
Stlth   ..........               e - amulet of faith
HPRegen 0.30/turn                h - ring of see invisible
MPRegen 0.14/turn                x - ring of protection from fire

@: studying Earth Magic
A: sickness immunity, AC +7, negative energy resistance 1, electricity
resistance, torment resistance 1, petrification resistance
a: Renounce Religion, Heroism, Finesse, Duel


You were on level 10 of the Dungeon.
You worshipped Okawaru.
Okawaru was extremely pleased with you.
You visited 2 branches of the dungeon, and saw 11 of its levels.

You collected 492 gold pieces.

Inventory:

Hand Weapons
 a - a +1 war axe of venom (weapon)
 D - a +0 morningstar
Armour
 b - a +0 pair of gloves
 d - the +1 pair of gloves of Tocon (worn) {rC+ Str+2 Dex-2}
   (Okawaru gifted it to you on level 9 of the Dungeon)

   Str:       It affects your strength (+2).
   Dex:       It affects your dexterity (-2).
   rC:        It protects you from cold.
 o - a +0 chain mail (worn)
 C - a +0 kite shield (worn)
Jewellery
 e - an amulet of faith (around neck)
 h - a ring of see invisible (left hand)
 x - a ring of protection from fire (right hand)
 y - an amulet of magic regeneration
 B - the ring of the Bull {Ice MP+9 Dex+2}
   (You found it on level 8 of the Dungeon)

   [ring of ice]

   It enhances your ice magic.
   Dex:       It affects your dexterity (+2).
   rF:        It makes you vulnerable to fire.
   rC:        It protects you from cold.
   MP:        It affects your magic capacity (+9).
Wands
 c - a wand of flame (7)
 i - a wand of quicksilver (12)
 u - a wand of iceblast (3)
Scrolls
 g - 2 scrolls of enchant armour
 r - 2 scrolls of brand weapon
 t - 2 scrolls of teleportation
 z - a scroll of identify
 A - a scroll of fog {unknown}
Potions
 f - a potion of cancellation {unknown}
 j - a potion of mutation {unknown}
 k - 2 potions of degeneration {unknown}
 l - a potion of ambrosia {unknown}
 m - 5 potions of flight
 n - 3 potions of berserk rage {unknown}
 p - a potion of haste {unknown}
 q - 7 potions of curing {unknown}
 s - 2 potions of brilliance {unknown}
 w - 2 potions of resistance {unknown}


   Skills:
 + Level 6.8 Fighting
 + Level 9.9 Axes
 + Level 7.8 Armour
 - Level 0.2 Dodging
 - Level 0.1 Stealth
 + Level 6.1 Shields
 * Level 6.0 Invocations
 * Level 4.2 Evocations


You had 9 spell levels left.
You didn't know any spells.
Your spell library contained the following spells:

 Spells                   Type           Power      Damage    Failure   Level
 Necrotise                Necr           0%         1d4       100%        1
 Blink                    Tloc           0%         N/A       100%        2
 Momentum Strike          Conj/Tloc      0%         3d8       100%        2
 Ignite Poison            Fire/Tmut/Pois 0%         N/A       100%        3
 Kindle Blastsparks       Fire/Tloc/Air  0%         2d10      100%        3
 Lesser Beckoning         Tloc           0%         N/A       100%        3
 Vampiric Draining        Necr           0%         2d6       100%        3
 Petrify                  Tmut/Erth      0%         N/A       100%        4
 Agony                    Necr           0%         N/A       100%        5
 Freezing Cloud           Conj/Ice/Air   0%         6-21      100%        5
 Metabolic Englaciation   Hex/Ice        0%         N/A       100%        5
 Statue Form              Tmut/Erth      Unusable   N/A       N/A         6

Dungeon Overview and Level Annotations

Branches:
Dungeon (10/15)            Temple (1/1) D:5            Lair (0/5) D:9
    Orc: D:9-12

Altars:
Ashenzari
Cheibriados
Dithmenos
Elyvilon
Fedhas
Gozag
Hepliaklqana
Makhleb
Okawaru
Qazlal
Ru
Sif Muna
Trog
Uskayaw
Vehumet
Wu Jian
Xom
Yredelemnul
Zin
The Shining One

Shops:
D:2 (   D:8 (

Annotations:
D:6 1 runed translucent door


Innate Abilities, Weirdness & Mutations

You are immune to sickness and miasma.
Your stone body is resilient. (AC +7)
You are immune to poison.
You resist negative energy. (rN+)
You are resistant to electric shocks. (rElec)
You are resistant to unholy torment.
You are immune to petrification.


Message History

The yak gores you but does no damage. The yak gores you.
The warg bites you but does no damage.
Unknown command.
You slash the warg!
The warg is heavily wounded.
You hit the yak.
The yak looks as sick as possible!
You hit the yak but do no damage.
The yak looks even sicker.
You block the warg's attack. The yak barely misses you.
The yak gores you but does no damage.
You hit the warg.
The warg is severely wounded.
You barely miss the yak. You slash the yak!
The yak looks as sick as possible!
You kill the yak!
Okawaru accepts your kill. The warg barely misses you.
The yak gores you but does no damage. You block the warg's attack.
You barely miss the warg.
The warg is heavily wounded.
You hit the yak.
The yak is poisoned.
You slash the yak! The yak barely misses you. The yak gores you!
The warg barely misses you. The yak barely misses you.
The yak gores you but does no damage.
You slash the warg!
The warg is severely wounded.
You barely miss the yak. You hit the yak but do no damage.
The yak looks even sicker.
The warg bites you but does no damage. The warg bites you.
You block the yak's attack. The yak gores you but does no damage.
Unknown command.
You hit the warg but do no damage.
The warg is severely wounded.
You hit the yak.
The yak looks as sick as possible!
You hit the yak.
The yak looks as sick as possible!
The warg bites you!
* * * LOW HITPOINT WARNING * * *
You block the yak's attack. The yak gores you.
* * * LOW HITPOINT WARNING * * *
You block the warg's attack.
You closely miss the warg.
The warg is severely wounded.
You barely miss the yak. You completely miss the yak. The yak gores you!
You die...

# ...!######
#..:h@Y#
######YY.....
#######


You could see 3 yaks and a warg.

Vanquished Creatures
  A centaur warrior (D:9)
  Pikel (D:8)
  Joseph (D:7)
  A gargoyle (D:6)
  A troll (D:8)
  A shadow (D:6)
  2 wyverns (D:9)
  Eustachio (D:5)
  A yak (D:10)
  2 acid dragons
  A water moccasin (D:7)
  2 sky beasts
  A black bear (D:7)
  2 lemures (D:8)
  3 kobold brigands
  6 bullfrogs
  A necrophage (D:5)
  4 elf skeletons (D:7)
  12 scorpions (D:6)
  5 wights (D:8)
  6 killer bees (D:9)
  3 howler monkeys (D:7)
  A hound (D:4)
  2 jellies
  2 human zombies (D:7)
  2 orc priests
  A gnoll bouda (D:5)
  A human skeleton (D:7)
  3 iguanas
  9 orc wizards
  A mummy (D:7)
  3 adders (D:5)
  9 gnolls
  A shadow imp (D:5)
  2 dart slugs (D:3)
  21 orcs
  4 bats
  5 endoplasms
  4 giant cockroaches
  4 hobgoblins
  2 jackals (D:4)
  18 kobolds
  3 quokkas (D:1)
  6 ball pythons
  A frilled lizard (D:3)
  10 goblins
  3 orc skeletons (D:7)
  An orc zombie (D:7)
  5 rats
182 creatures vanquished.

Vanquished Creatures (others)
  29 plants
29 creatures vanquished.

Grand Total: 211 creatures vanquished

Notes
Turn   | Place    | Note
-------+----------+-------------------------------------------
     0 | D:1      | bande the Gargoyle Fighter began the quest for the Orb.
     0 | D:1      | Reached XP level 1. HP: 14/14 MP: 1/1
   164 | D:1      | Reached XP level 2. HP: 17/19 MP: 2/2
   263 | D:1      | Reached skill level 2 in Axes
   810 | D:2      | Reached XP level 3. HP: 17/24 MP: 3/3
   843 | D:2      | Found Piuvvaog's Weapon Boutique.
  1815 | D:3      | Found a hide-covered altar of Uskayaw.
  1818 | D:3      | Noticed a bullfrog
  1823 | D:3      | Killed a bullfrog
  1824 | D:3      | Reached skill level 3 in Axes
  1824 | D:3      | Reached XP level 4. HP: 22/29 MP: 4/4
  2034 | D:4      | Reached XP level 5. HP: 29/33 MP: 5/5
  2133 | D:4      | Found a broken altar of Ashenzari.
  2151 | D:4      | Found a bloodstained altar of Trog.
  2247 | D:4      | Found a shimmering blue altar of Sif Muna.
  2433 | D:5      | Entered Level 5 of the Dungeon
  2518 | D:5      | Reached skill level 4 in Axes
  2518 | D:5      | Reached XP level 6. HP: 36/38 MP: 6/6
  2550 | D:5      | Reached XP level 7. HP: 17/44 MP: 7/7
  2551 | D:5      | Reached skill level 5 in Axes
  2563 | D:5      | Found a staircase to the Ecumenical Temple.
  2713 | D:5      | Noticed Eustachio
  2733 | D:5      | Killed Eustachio
  2806 | D:5      | Reached skill level 5 in Armour
  3185 | Temple   | Entered the Ecumenical Temple
  3236 | Temple   | Became a worshipper of Warmaster Okawaru
  3293 | D:6      | Noticed a shadow
  3304 | D:6      | Killed a shadow
  3305 | D:6      | Reached skill level 6 in Axes
  3305 | D:6      | Reached skill level 1 in Invocations
  3305 | D:6      | Reached XP level 8. HP: 39/48 MP: 7/9
  3368 | D:6      | Found an opulent altar of Gozag.
  3382 | D:6      | Found a shimmering altar of Xom.
  3458 | D:6      | Noticed a gargoyle
  3467 | D:6      | Reached skill level 5 in Fighting
  3475 | D:6      | Killed a gargoyle
  3475 | D:6      | Reached * piety under Okawaru
  3834 | D:6      | Reached skill level 7 in Axes
  3953 | D:6      | Found a burning altar of Makhleb.
  4155 | D:6      | Found a runed translucent door.
  4157 | D:6      | Found a runed translucent door.
  4283 | D:6      | Reached XP level 9. HP: 49/54 MP: 11/11
  4285 | D:6      | Reached skill level 1 in Evocations
  4286 | D:6      | Reached ** piety under Okawaru
  4290 | D:6      | Reached skill level 5 in Shields
  4365 | D:7      | Found a glowing golden altar of the Shining One.
  4367 | D:7      | Noticed Joseph
  4381 | D:7      | Killed Joseph
  4382 | D:7      | Reached skill level 8 in Axes
  4713 | D:7      | Reached *** piety under Okawaru
  4723 | D:7      | Found a snail-covered altar of Cheibriados.
  5136 | D:7      | Reached XP level 10. HP: 54/60 MP: 13/13
  5467 | D:8      | Noticed Pikel
  5485 | D:8      | Killed Pikel
  5485 | D:8      | Reached **** piety under Okawaru
  5486 | D:8      | Reached skill level 9 in Axes
  5486 | D:8      | Reached skill level 5 in Invocations
  5659 | D:8      | Found Pywa's Antique Weapon Boutique.
  5933 | D:8      | Identified the ring of the Bull {Ice MP+9 Dex+2}
  5970 | D:8      | Noticed a centaur warrior
  5989 | D:9      | HP: 3/61 [acid dragon (1)]
  6338 | D:9      | Killed a centaur warrior
  6338 | D:9      | Reached ***** piety under Okawaru
  6470 | D:9      | Identified the +1 pair of gloves of Tocon {rC+ Str+2 Dex-2}
                  | (Okawaru gifted it to you on level 9 of the Dungeon)
  6470 | D:9      | Received a gift from Okawaru
  6987 | D:8      | Found a white marble altar of Elyvilon.
  7922 | D:9      | Found a staircase to the Lair.
  7939 | D:10     | Entered Level 10 of the Dungeon
  7948 | D:10     | Slain by a yak

Illustrated notes

Levels and vault maps discovered:
D:1:      denvon_arrival_planthouse, layout_rooms, minmay_hexomino_p4
D:2:      layout_basic, serial_shops, shop
D:3:      layout_rooms, mainiacjoe_overflow_brackets, nrook_loot_triangle
D:4:      layout_rooms, cheibrodos_ashenzari_chains,
          nicolae_overflow_crystal_walls, mainiacjoe_overflow_six_doors_small
D:5:      layout_basic, minmay_temple_entry_stoned_glass,
          gup_sewer_entry_bubbles, uniq_eustachio
D:6:      lemuel_insect_pit, layout_basic, mainiacjoe_overflow_big_doors,
          lemuel_doored_altar
D:7:      layout_loops_ring, mainiacjoe_overflow_cross_hatched, slow_altar_1,
          nicolae_ossuary_entry_catacombs, uniq_joseph
D:8:      layout_loops_ring, elyvilon_altar_5, serial_shops,
          nicolae_inconvenience_store, st_stairs_14, minmay_manual_mail,
          uniq_pikel
D:9:      layout_stronghold, mainiacjoe_overflow_surrounded_room,
          erik_lair_orcish_takeover, hiddenorc2_lemuel, nicolae_eternal_life,
          nicolae_elemental_shop, amethyst_killhole
D:10:     layout_rooms, nemelex_spade_bored_becter, uniq_josephine
Temple:   eino_temple_lava

Skill      XL: |  1  2  3  4  5  6  7  8  9 10 |
---------------+-------------------------------+-----
Axes           | 2 3 4 6 7 8 9 |  9.9
Armour         | 4 5 6 7 |  7.8
Fighting       | 4 5 6 |  6.8
Shields        | 4 5 6 |  6.1
Invocations    | 1 3 4 6 |  6.0
Evocations     | 2 4 |  4.2
Dodging        | |  0.2
Stealth        | |  0.1

Action                   |  1- 3 |  4- 6 |  7- 9 | 10-12 || total
-------------------------+-------+-------+-------+-------++-------
Melee: War axe           |   116 |    63 |   210 |   181 ||   570
  Use: Scroll            |     6 |     5 |     3 |       ||    14
       Potion            |       |     1 |     4 |     1 ||     6
Armor: Scale mail        |    62 |       |       |       ||    62
       Chain mail        |    12 |    98 |   183 |   146 ||   439
Dodge: Dodged            |    59 |    47 |    79 |    63 ||   248
Block: Buckler           |    26 |    36 |    74 |    42 ||   178
       Kite shield       |       |       |       |    48 ||    48

Table legend: (Time is in decaauts)
 A = Elapsed time spent in this place.
 B = Non-inter-level travel time spent in this place.
 C = Inter-level travel time spent in this place.
 D = Time resting spent in this place.
 E = Time spent auto-exploring this place.
 F = Levels seen in this place.
 G = Mean time per level.
                   A        B        C        D        E       F      G
               +--------+--------+--------+--------+--------+-----+--------+
         Total |   8075 |   7729 |    346 |   1618 |   4464 |  11 |  734.1 |
       Dungeon |   8010 |   7664 |    346 |   1618 |   4436 |  10 |  801.0 |
        Temple |     64 |     64 |      0 |      0 |     28 |   1 |   64.0 |
               +--------+--------+--------+--------+--------+-----+--------+

Top non-repeatable levels by time:
     D:8: 1409 daAuts
     D:7: 1117 daAuts
     D:6: 1108 daAuts
     D:9: 1077 daAuts
     D:5: 793 daAuts
     D:2: 756 daAuts
     D:1: 750 daAuts
     D:3: 545 daAuts
     D:4: 440 daAuts
  Temple: 64 daAuts
    D:10: 10 daAuts
